 Dungeon Crawl Stone Soup version 0.31-a0-620-gd1cbd99268 (webtiles) character file.

Game seed: 16021663279872649390

1980 Anon1729 the Fighter (level 9, -2/75 HPs)
             Began as a Minotaur Monk on Aug 23, 2023.
             Was a Priest of Hepliaklqana.
             Slain by a wolf (8 damage)
             ... led by Grum
             ... on level 8 of the Dungeon.
             The game lasted 00:04:25 (7316 turns).

Anon1729 the Fighter (Minotaur Monk)                Turns: 7316, Time: 00:04:26

Health: -2/75      AC:  3    Str: 16    XL:     9   Next: 1%
Magic:  11/11      EV: 15    Int:  7    God:    Hepliaklqana [***...]
Gold:   456        SH:  5    Dex: 17    Spells: 8/8 levels left

rFire   + . .        F - +5 short sword (vamp)
rCold   + . .        d - orb {light}
rNeg    . . .        b - +0 robe
rPois   .            (helmet restricted)
rElec   .            r - +0 cloak
rCorr   .            (no gloves)
SInv    .            (no boots)
Will    .....        s - amulet of reflection
Stlth   +            c - ring of protection from fire
HPRegen 0.32/turn    u - ring of protection from cold
MPRegen 0.12/turn

%: reflection
@: glowing, studying Fighting
A: reduced essence, horns 2, retaliatory headbutt
a: Renounce Religion, Recall Ancestor, Ancestor Identity, Transference


You were on level 8 of the Dungeon.
You worshipped Hepliaklqana.
Hepliaklqana was most pleased with you.
You visited 1 branch of the dungeon, and saw 8 of its levels.

You collected 456 gold pieces.

Inventory:

Hand Weapons
 a - a +0 falchion
 C - a +2 short sword of venom
 F - a +5 vampiric short sword (weapon)
Missiles
 g - 3 throwing nets
Armour
 b - a +0 robe (worn)
 d - an orb of light (worn)
 r - a +0 cloak (worn)
Jewellery
 c - a ring of protection from fire (left hand)
 s - an amulet of reflection (around neck)
 u - a ring of protection from cold (right hand)
Wands
 t - a wand of acid (12)
 v - a wand of mindburst (47)
 E - a wand of flame (12)
Scrolls
 f - 3 scrolls of identify {unknown}
 i - a scroll of fear {unknown}
 j - 2 scrolls of enchant weapon {unknown}
 l - 2 scrolls of poison {unknown}
 m - 2 scrolls of enchant armour {unknown}
 n - 3 scrolls of teleportation {unknown}
 o - 2 scrolls of vulnerability
 y - a scroll of silence {unknown}
 D - a scroll of fog {unknown}
Potions
 e - a potion of ambrosia
 h - a potion of curing
 k - 3 potions of heal wounds {unknown}
 p - a potion of haste {unknown}
 q - a potion of might {unknown}
 w - 2 potions of attraction {unknown}
 x - a potion of degeneration {unknown}
 z - a potion of lignification {unknown}
 A - 2 potions of brilliance
 B - a potion of mutation {unknown}
 G - a potion of enlightenment {unknown}


   Skills:
 + Level 9.5 Fighting
 + Level 7.4 Long Blades
 + Level 5.9 Armour
 + Level 6.6 Dodging
 + Level 4.8 Invocations


You had 8 spell levels left.
You didn't know any spells.
Your spell library contained the following spells:

 Spells                   Type           Power      Damage    Failure   Level
 Sting                    Tmut/Pois      0%         1d3       43%         1
 Blink                    Tloc           0%         N/A       56%         2
 Lesser Beckoning         Tloc           0%         N/A       56%         2
 Momentum Strike          Conj/Tloc      0%         3d8       56%         2
 Poisonous Vapours        Pois/Air       0%         N/A       56%         2
 Vhi's Electric Charge    Tloc/Air       0%         N/A       80%         3
 Olgreb's Toxic Radiance  Pois           0%         N/A       99%         4
 Arcjolt                  Conj/Air       0%         1d10      100%        5
 Maxwell's Capacitive Co  Air            0%         ∞         100%        8


Dungeon Overview and Level Annotations

Branches:
Dungeon (8/15)             Temple (0/1) D:7
   Lair: D:8-11

Altars:
Dithmenos
Elyvilon
Gozag
Hepliaklqana
Kikubaaqudgha
Ru
Trog
Uskayaw
Zin

Shops:
D:4 =

Annotations:
D:8 Grum


Innate Abilities, Weirdness & Mutations

Your life essence is reduced to manifest your ancestor. (-10% HP)
You have a pair of horns on your head.
You reflexively headbutt those who attack you in melee.


Message History

You hit the wolf.
The wolf is lightly wounded.
The wolf barely misses you. You block Grum's attack. The wolf bites you.
You puncture the wolf!
You feel better.
The wolf is heavily wounded.
The wolf completely misses you.
Sunngifu hits the wolf with a +0 dagger of draining.
The wolf bites Sunngifu!
The wolf bites you but does no damage.
Grum hits you from afar with a +1 spear!
Sunngifu misses the wolf.
The wolf bites you.
You hit the wolf.
You feel better.
The wolf is almost dead.
The wolf barely misses you. The wolf bites you! The wolf bites you.
Sunngifu hits the wolf with a +0 dagger of draining!
Grum hits you from afar with a +1 spear!!
* * * LOW HITPOINT WARNING * * *
You are too injured to fight recklessly!
You are too injured to fight recklessly!
You are too injured to fight recklessly!
You are too injured to fight recklessly!
You are too injured to fight recklessly!
You are too injured to fight recklessly!
You are too injured to fight recklessly!
You are too injured to fight recklessly!
You are too injured to fight recklessly!
You are too injured to fight recklessly!
You are too injured to fight recklessly!
You are too injured to fight recklessly!
You are too injured to fight recklessly!
You are too injured to fight recklessly!
You are too injured to fight recklessly!
You are too injured to fight recklessly!
You are too injured to fight recklessly!
You are too injured to fight recklessly!
You are too injured to fight recklessly!
You are too injured to fight recklessly!
The wolf attacks as it pursues you! The wolf bites you!
* * * LOW HITPOINT WARNING * * *
The wolf bites Sunngifu.
Sunngifu closely misses the wolf.
The wolf bites you!
You die...

#.# # #.# # #.# #
# #.# +##.. # #.#
..... # #.# ......
.... #.# #......
#### #.#
###h...... # #.#
####@hhg....#
#.####..).Rh....##
#..)...)).......#
#.#...)........##
#.#.........##+#
#.#......####
#.#....###
#.#...## #.#...#


You could see the friendly Sunngifu the hexer, Grum and 4 wolves.

Vanquished Creatures
  A water moccasin (D:5)
  Duvessa (D:7)
  An ice beast (D:6)
  A black bear (D:7)
  3 ogres
  A centaur (D:7)
  Blork the orc (D:6)
  4 scorpions
  Dowan (D:7)
  A jelly (D:4)
  Crazy Yiuf (D:2)
  4 hounds
  An orc priest (D:7)
  A gnoll bouda (D:8)
  3 iguanas
  A sleepcap (D:4)
  4 orc wizards
  10 adders
  3 gnolls (D:8)
  2 ufetubi
  A worm (D:3)
  A dart slug (D:2)
  24 orcs
  7 endoplasms
  3 giant cockroaches
  8 goblins
  9 hobgoblins
  9 jackals
  3 quokkas
  7 ball pythons
  6 bats
  5 frilled lizards
  10 kobolds
  6 rats
144 creatures vanquished.

Vanquished Creatures (collateral kills)
  An ice beast (D:6)
  A bullfrog (D:8)
  An orc wizard (D:6)
  A gnoll (D:8)
  4 orcs
8 creatures vanquished.

Grand Total: 152 creatures vanquished

Notes
Turn   | Place    | Note
-------+----------+-------------------------------------------
     0 | D:1      | Anon1729 the Minotaur Monk began the quest for the Orb.
     0 | D:1      | Reached XP level 1. HP: 19/19 MP: 0/0
   168 | D:1      | Reached XP level 2. HP: 24/27 MP: 1/1
   238 | D:1      | Reached skill level 4 in Fighting
   394 | D:1      | Reached XP level 3. HP: 33/33 MP: 2/2
   659 | D:2      | Reached skill level 1 in Armour
   659 | D:2      | Reached XP level 4. HP: 31/41 MP: 3/3
   912 | D:2      | Reached skill level 1 in Invocations
  1209 | D:2      | Found a runed translucent door.
  1209 | D:2      | You fall into a shaft and drop 2 floors!
  1276 | D:4      | Found Mottaer's Jewellery Shoppe.
  1431 | D:4      | Reached XP level 5. HP: 47/47 MP: 5/5
  1519 | D:4      | Found a sacrificial altar of Ru.
  1551 | D:4      | Reached skill level 5 in Fighting
  1890 | D:4      | Found a white marble altar of Elyvilon.
  2065 | D:4      | Reached skill level 5 in Long Blades
  2142 | D:4      | Reached XP level 6. HP: 5/57 MP: 6/6
  2507 | D:3      | Found a bloodstained altar of Trog.
  2758 | D:3      | Reached skill level 6 in Fighting
  3140 | D:3      | Found a faded altar of an unknown god.
  3533 | D:2      | Noticed Crazy Yiuf
  3720 | D:2      | Killed Crazy Yiuf
  3847 | D:5      | Entered Level 5 of the Dungeon
  3966 | D:5      | Reached skill level 5 in Dodging
  3966 | D:5      | Reached XP level 7. HP: 64/64 MP: 8/8
  3967 | D:5      | Found an opulent altar of Gozag.
  4221 | D:5      | Reached skill level 7 in Fighting
  4639 | D:5      | Found a hide-covered altar of Uskayaw.
  4652 | D:5      | Reached XP level 8. HP: 74/74 MP: 9/9
  5160 | D:6      | Noticed Blork the orc
  5164 | D:6      | Killed Blork the orc
  5281 | D:6      | Found a hazy altar of Hepliaklqana.
  5284 | D:6      | Found a glowing silver altar of Zin.
  5295 | D:6      | Reached skill level 8 in Fighting
  5467 | D:6      | Became a worshipper of Hepliaklqana the Forgotten
  5467 | D:6      | Reached * piety under Hepliaklqana
  5467 | D:6      | Reached ** piety under Hepliaklqana
  5468 | D:6      | Remembered your ancestor Sunngifu as a hexer
  5626 | D:6      | Reached skill level 5 in Armour
  6046 | D:7      | Noticed Duvessa
  6046 | D:7      | Noticed Dowan
  6057 | D:7      | Killed Duvessa
  6061 | D:7      | Killed Dowan
  6062 | D:7      | Reached skill level 9 in Fighting
  6379 | D:7      | Found a staircase to the Ecumenical Temple.
  7042 | D:7      | Found an ancient bone altar of Kikubaaqudgha.
  7180 | D:8      | Reached *** piety under Hepliaklqana
  7182 | D:8      | Found a shadowy altar of Dithmenos.
  7295 | D:8      | Reached XP level 9. HP: 75/75 MP: 11/11
  7310 | D:8      | Noticed Grum
  7316 | D:8      | Slain by a wolf

Illustrated notes

Levels and vault maps discovered:
D:1:      dpeg_arrival_water_temple_mockup, layout_basic
D:2:      layout_loops_ring, nicolae_underground_beach, uniq_crazy_yiuf_cottage
D:3:      kb_forest_paths, layout_basic, mainiacjoe_overflow_chevrons,
          serial_glass, glass_columns_c, glass_columns_b, glass_columns_b,
          glass_columns_a, glass_columns_a, glass_columns_a, glass_columns_a,
          glass_columns_a, shapermc_ecumenical_altar_ellora
D:4:      layout_cave_pods, kennysheep_mini_moat, nicolae_ru_awakened_eye,
          serial_shops, shop
D:5:      layout_layer_cave, nicolae_gozag_seed_capital,
          nicolae_overflow_crystal_walls
D:6:      layout_rooms, mainiacjoe_overflow_catwalk_spiral,
          chequers_decorated_corner, uniq_blork_the_orc
D:7:      layout_gridville, kiku_gazebo_pond_becter,
          minmay_temple_entry_purple_smoke, serial_co_window_serial,
          co_window_corner_a, co_window_paths_a, co_window_paths_b,
          co_window_corner_a, co_window_of_opportunity_a, co_window_broadway_a,
          co_window_of_opportunity_b, co_window_of_opportunity_b,
          co_window_2corner, co_window_broadway_c, co_window_corner_b,
          co_window_broadway_a, glass_columns_b, glass_columns_a,
          glass_columns_a, uniq_duvessa
D:8:      minmay_quarter_circles, layout_gridville,
          mainiacjoe_overflow_tiny_flanked, grunt_temple_overflow_cloverleaf,
          lair_entry_dummy, uniq_grum

Skill      XL: |  1  2  3  4  5  6  7  8 |
---------------+-------------------------+-----
Fighting       | 4 5 6 7 9 |  9.5
Long Blades    | 4 5 6 7 |  7.4
Armour         | 1 2 3 4 5 |  5.9
Dodging        | 4 5 6 |  6.6
Invocations    | 1 2 3 4 |  4.8

Action                     |  1- 3 |  4- 6 |  7- 9 || total
---------------------------+-------+-------+-------++-------
  Melee: Falchion          |    65 |   130 |    90 ||   285
         Headbutt          |    15 |    28 |    43 ||    86
         Short sword       |       |       |    58 ||    58
 Invoke: Ancestor Life: He |       |       |     1 ||     1
    Use: Potion            |       |     3 |       ||     3
         Scroll            |       |       |     1 ||     1
   Stab: Distracted        |       |       |     2 ||     2
         Confused          |       |       |     1 ||     1
 Armour: Robe              |    12 |    10 |    20 ||    42
  Dodge: Dodged            |    49 |    90 |   117 ||   256
  Block: Orb               |       |       |     2 ||     2

Table legend: (Time is in decaauts)
 A = Elapsed time spent in this place.
 B = Non-inter-level travel time spent in this place.
 C = Inter-level travel time spent in this place.
 D = Time resting spent in this place.
 E = Time spent auto-exploring this place.
 F = Levels seen in this place.
 G = Mean time per level.
                   A        B        C        D        E       F      G
               +--------+--------+--------+--------+--------+-----+--------+
         Total |   7316 |   6986 |    330 |    353 |   5778 |   8 |  914.5 |
       Dungeon |   7316 |   6986 |    330 |    353 |   5778 |   8 |  914.5 |
               +--------+--------+--------+--------+--------+-----+--------+

Top non-repeatable levels by time:
     D:5: 1308 daAuts
     D:7: 1231 daAuts
     D:4: 1222 daAuts
     D:2: 1045 daAuts
     D:3: 1012 daAuts
     D:6: 783 daAuts
     D:1: 581 daAuts
     D:8: 131 daAuts
